[Event "Early-Titled-Tuesday-Blitz-January-23-2024"]
[Site "Chess.com"]
[Date "2024.01.23"]
[Round "8"]
[White "hurricane7791"]
[Black "Durarbayli"]
[Result "1-0"]
[WhiteElo "2715"]
[BlackElo "2865"]
[TimeControl "180+1"]
[EndTime "9:27:20 PST"]
[Termination "hurricane7791 won on time"]

1. d4 d5 2. c4 e6 3. Nc3 Nf6 4. Nf3 c6 5. e3 Nbd7 6. Qc2 Bd6 7.
Bd3 O-O 8. O-O dxc4 9. Bxc4 b5 10. Be2 Bb7 11. e4 e5 12. dxe5 Nxe5 13. Nd4 Neg4 14.
g3 Bc5 15. Nf5 Qb6 16. Bxg4 Nxg4 17. Bf4 Rfe8 18. Rac1 g6 19. h3 Nxf2 20. Nh6+ Kg7 21. Rxf2 Bxf2+ 22. Qxf2 Qxf2+ 23. Kxf2 a6 24. Ng4 h5 25.
Ne3 Rad8 26. Rc2 c5 27. e5 Rd3 28. h4 c4 29. Ne2 Be4 30. Rc1 f6 31. exf6+ Kxf6 32. b3 cxb3 33. axb3 Rxb3 34. Rc7 Rb2 35. Ke1 Bh1 36. Nd4 Rb4 37. Nc2 Rc4 38. Bg5+ Ke6 39. Nxc4 bxc4 40. Kd2 Kd5 41. Ne3+ Ke4 42. Rxc4+ Kf3 43.
Bf4 g5 44. hxg5 h4 45. gxh4 1-0

[Event "Early-Titled-Tuesday-Blitz-January-23-2024"]
[Site "Chess.com"]
[Date "2024.01.23"]
[Round "8"]
[White "Sargsyan_Shant"]
[Black "AlexPapasimakopoulos"]
[Result "1/2-1/2"]
[WhiteElo "2904"]
[BlackElo "2739"]
[TimeControl "180+1"]
[EndTime "9:27:21 PST"]
[Termination "Game drawn by repetition"]

1. c4 e6 2. Nc3 d5 3. d4 a6 4.
cxd5 exd5 5. Nf3 c6 6. Bf4 Bd6 7. e3 Bxf4 8. exf4 Bg4 9. Be2 Bxf3 10. Bxf3 Nf6 11. O-O O-O 12. Qb3 Ra7 13. Rfe1 Nbd7 14. a4 a5 15. g3 Qb6 16. Qxb6 Nxb6 17. Re7 Nc8 18. Rc7 Nd6 19. Re1 Raa8 20. g4 Rfe8 21. Re5 Rec8 22. Rce7 Kf8 23. g5 Ng8 24. Rd7 Rd8 25.
Rc7 Rac8 26. Rxc8 Rxc8 27. Bg4 Rd8 28. h4 f6 29. Re2 Re8 30. Rxe8+ Kxe8 31. b3 Kf7 32.
Kg2 f5 33. Bh5+ g6 34. Bd1 Ne4 35. Ne2 Ne7 36. Nc1 Nc3 37. Bc2 Nc8 38. f3 Ke6 39. Kf2 b5 40. Nd3 bxa4 41. bxa4 Kd6 42. Bb3 Nb6 43.
Nc5 Kc7 44. Ke1 Nd7 45. Nxd7 Kxd7 46. Kd2 Nb1+ 47. Kc2 Na3+ 48. Kb2 Nc4+ 49. Bxc4 dxc4 50. Kc3 Ke6 51. Kxc4 Kd6 52. Kc3 Kd5 53. Kd3 c5 54. dxc5 Kxc5 55. Kc3 Kd5 56. Kd3 Kc5 57. Kc3 Kd5 58.
Kd3 Kc5 1/2-1/2

[Event "Early-Titled-Tuesday-Blitz-January-23-2024"]
[Site "Chess.com"]
[Date "2024.01.23"]
[Round "8"]
[White "Sofia_Blokhin"]
[Black "kibromNNN"]
[Result "1-0"]
[WhiteElo "2260"]
[BlackElo "1646"]
[TimeControl "180+1"]
[EndTime "9:27:22 PST"]
[Termination "Sofia_Blokhin won by checkmate"]

1. d4 Nf6 2. c4 e6 3. Nc3 d5 4. Nf3 dxc4 5. e3 a6 6. a4 c5 7. Bxc4 Nc6 8. O-O Qc7 9. Ba2 Nb4 10. Bb1 b6 11. Ne5 Bb7 12. f4 Rd8 13. Ne2 Be7 14.
Bd2 a5 15. Bc3 O-O 16. Qe1 Ne4 17. Ng3 Nxc3 18. bxc3 Nd5 19. f5 Bf6 20. e4 Ne7 21. Ng4 Bh4 22. f6 Ng6 23. fxg7 Rfe8 24. Qe3 cxd4 25.
cxd4 Kxg7 26. Qh6+ Kh8 27. Nh5 Rg8 28. Ngf6 Rg7 29.
Qxg7# 1-0

[Event "Early-Titled-Tuesday-Blitz-January-23-2024"]
[Site "Chess.com"]
[Date "2024.01.23"]
[Round "8"]
[White "wonderfultime"]
[Black "platy3"]
[Result "1-0"]
[WhiteElo "3041"]
[BlackElo "2866"]
[TimeControl "180+1"]
[EndTime "9:27:27 PST"]
[Termination "wonderfultime won on time"]

1. d4 Nf6 2. c4 e6 3. Nf3 d5 4.
Nc3 dxc4 5. e4 b5 6. e5 Nd5 7. Nxb5 Nb6 8. Be2 Nc6 9. a3 Bb7 10. Be3 Be7 11. Qc2 Qd7 12. Nc3 Na5 13. h4 f5 14. exf6 gxf6 15. Nd2 O-O-O 16. Bf3 f5 17. Bxb7+ Kxb7 18. Nf3 Bf6 19. O-O-O Qc6 20. Kb1 Nb3 21. Bg5 Rhf8 22. Bxf6 Rxf6 23. Rhe1 Rff8 24. Ne5 Qxg2 25. Nxc4 Nxd4 26. Na5+ Kc8 27. Rxd4 Rxd4 28. Nb5 Rd7 29.
Nxa7+ Kb8 30. N7c6+ Kc8 31. Qc5 Rd6 32. Na7+ Kd7 33.
Nb5 1-0

[Event "Early-Titled-Tuesday-Blitz-January-23-2024"]
[Site "Chess.com"]
[Date "2024.01.23"]
[Round "8"]
[White "MalyDominator"]
[Black "ChessLebaneseSalah"]
[Result "1-0"]
[WhiteElo "2533"]
[BlackElo "2386"]
[TimeControl "180+1"]
[EndTime "9:27:27 PST"]
[Termination "MalyDominator won on time"]

1. e4 c5 2. Nf3 d6 3. d4 cxd4 4. Nxd4 Nf6 5. Nc3 Nc6 6. Bg5 e6 7. Qd2 a6 8. O-O-O Bd7 9. f4 Be7 10. Nf3 b5 11. Bxf6 gxf6 12. Kb1 Qb6 13. f5 O-O-O 14. fxe6 fxe6 15. g3 Ne5 16. Nd4 b4 17. Nce2 Kb8 18. Bh3 d5 19. exd5 exd5 20. Bxd7 Rxd7 21.
Nf4 Nc4 22. Qe2 Bc5 23. Nb3 Rhd8 24. Nxd5 Qb5 25. Qf3 Ba7 26. Nxf6 Rxd1+ 27. Rxd1 Rxd1+ 28. Qxd1 Bb6 29. Nd7+ Kb7 30. Nxb6 Nxb6 31. Qf3+ Ka7 32. Nd4 Qd7 33. Nc6+ Kb7 34. Nxb4+ Kc8 35. Nd3 Nc4 36. Qa8+ Kc7 37. Qa7+ Kc8 38. Qxa6+ Kd8 39. Qxc4 Qh3 40.
Qd4+ Ke8 41. Qe4+ Kf7 42. Qf4+ Kg8 43. a4 1-0

[Event "Early-Titled-Tuesday-Blitz-January-23-2024"]
[Site "Chess.com"]
[Date "2024.01.23"]
[Round "8"]
[White "crazy_m_attack"]
[Black "sterpfi"]
[Result "0-1"]
[WhiteElo "2451"]
[BlackElo "2262"]
[TimeControl "180+1"]
[EndTime "9:27:27 PST"]
[Termination "sterpfi won by resignation"]

1. e4 c6 2. d4 d5 3. Nc3 dxe4 4. Nxe4 Nf6 5. Nxf6+ exf6 6. c3 Bd6 7. Bd3 O-O 8. Qc2 Re8+ 9. Ne2 h5 10. Be3 Nd7 11.
O-O-O Nf8 12. c4 Be6 13. Kb1 b5 14. cxb5 cxb5 15. Bxb5 Rc8 16. Qa4 Re7 17. Nc3 Qb6 18. d5 Bf5+ 19. Ka1 Bc5 20. d6 Rb7 21. d7 Nxd7 22.
Rd2 Bxe3 23. fxe3 Nc5 24. Qf4 Qa5 25. Qxf5 Nb3+ 26. Kb1 Nxd2+ 27. Kc2 Rxc3+ 28. bxc3 Rxb5 29. Qc8+ Kh7 30. Rc1 Qxa2+ 31. Kd1 Nb3 32. Qd7 Nxc1 33. Qxb5 Qb3+ 34. Qxb3 Nxb3 35. Kc2 Nc5 36. c4 Kg6 37. Kc3 a5 38. Kd4 a4 39. Kc3 Kf5 40. Kb4 Ke4 0-1

[Event "Early-Titled-Tuesday-Blitz-January-23-2024"]
[Site "Chess.com"]
[Date "2024.01.23"]
[Round "8"]
[White "Arystanner"]
[Black "mishanick"]
[Result "0-1"]
[WhiteElo "2783"]
[BlackElo "3056"]
[TimeControl "180+1"]
[EndTime "9:27:30 PST"]
[Termination "mishanick won by resignation"]

1. e4 c5 2. Nf3 e6 3. c3 d5 4. e5 d4 5. d3 Nc6 6. g3 Nge7 7. Bg2 dxc3 8. bxc3 b6 9. O-O Ba6 10. c4 Bb7 11. Re1 Nf5 12. Nc3 Be7 13. Bf4 O-O 14. h4 Nb4 15. Bf1 Bxf3 16. Qxf3 Nc2 17. Ne4 Nxa1 18. Rxa1 Nd4 19. Qd1 Qd7 20. h5 h6 21.
a4 Rad8 22. Bg2 f5 23. exf6 Bxf6 24. Ra3 Kh8 25. Bd6 Rf7 26. a5 Be7 27. axb6 axb6 28. Be5 Nc6 29. Bb2 e5 30. Nc3 Rdf8 31. Bxc6 Qxc6 32.
Ne4 Qe6 33. Ra6 Bd8 34. Qa1 Bc7 35. Nxc5 Qd6 36. Ne4 Qxd3 37. Qe1 Qxc4 38. Ra7 b5 39. Ba3 Bb6 40. Bxf8 Bxa7 41. Nd6 Bxf2+ 42. Qxf2 Rxf2 43. Nxc4 Rxf8 44. Nxe5 b4 0-1

[Event "Early-Titled-Tuesday-Blitz-January-23-2024"]
[Site "Chess.com"]
[Date "2024.01.23"]
[Round "8"]
[White "Huragan007"]
[Black "AvitalBor"]
[Result "1-0"]
[WhiteElo "2563"]
[BlackElo "2759"]
[TimeControl "180+1"]
[EndTime "9:27:30 PST"]
[Termination "Huragan007 won on time"]

1. e4 c5 2. b3 e6 3. Nf3 d5 4. exd5 exd5 5. Bb5+ Bd7 6. Bxd7+ Nxd7 7. O-O Ngf6 8. d4 Be7 9. Bg5 O-O 10. Qd3 h6 11.
Bh4 Re8 12. Nbd2 Qb6 13. Rad1 Bf8 14. c4 cxd4 15. Qxd4 Bc5 16. Qd3 Qa6 17. Qf5 Qxa2 18. Ra1 Qb2 19. Rfb1 Qc3 20. Rc1 Qb4 21. cxd5 g6 22.
Qd3 Ng4 23. Rc4 Qb5 24. Qc3 Nge5 25. Nxe5 Rxe5 26. Ra5 Qb6 27. Raxc5 Rae8 28. Rc8 1-0

[Event "Early-Titled-Tuesday-Blitz-January-23-2024"]
[Site "Chess.com"]
[Date "2024.01.23"]
[Round "8"]
[White "tarno17"]
[Black "arnash_bauyrzhan"]
[Result "0-1"]
[WhiteElo "2075"]
[BlackElo "2201"]
[TimeControl "180+1"]
[EndTime "9:27:31 PST"]
[Termination "arnash_bauyrzhan won by checkmate"]

1. e4 c5 2. Nf3 e6 3. d3 Nc6 4. Nc3 d5 5. g3 Nf6 6. exd5 Nxd5 7. Ne4 Be7 8. Bg2 O-O 9. O-O Nf6 10. Nfg5 h6 11.
Nxf6+ Bxf6 12. Ne4 Qe7 13. Qg4 e5 14. Qd1 Bf5 15. Be3 Nd4 16. Nxf6+ Qxf6 17. c3 Ne6 18. Bxb7 Rab8 19. Bd5 Rxb2 20. Qc1 Rfb8 21. Bb3 R2xb3 22. axb3 Bh3 23. f4 Bxf1 24. Qxf1 exf4 25. Bxf4 Rxb3 26. Rxa7 Qxc3 27. Ra8+ Kh7 28. Ra1 Qd4+ 29. Qf2 Qxa1+ 30. Kg2 Rb2 31. Be3 Rxf2+ 32. Bxf2 Nd4 33. g4 Qd1 34. h4 Qf3+ 35. Kg1 Ne2+ 36. Kf1 Ng3+ 37. Kg1 Qh1# 0-1

[Event "Early-Titled-Tuesday-Blitz-January-23-2024"]
[Site "Chess.com"]
[Date "2024.01.23"]
[Round "8"]
[White "PenguinPacks"]
[Black "ViratKohl_i"]
[Result "0-1"]
[WhiteElo "2435"]
[BlackElo "2608"]
[TimeControl "180+1"]
[EndTime "9:27:35 PST"]
[Termination "ViratKohl_i won by checkmate"]

1. d4 d5 2. Nc3 Nf6 3. Bf4 c5 4. e3 cxd4 5. exd4 a6 6. Nf3 Nc6 7. Ne5 Bd7 8. Be2 e6 9. O-O Bb4 10. Nb1 O-O 11. c3 Be7 12. Nd2 Rc8 13. Ndf3 Nxe5 14. Nxe5 Be8 15. Bd3 Ne4 16. f3 Nd6 17.
Qe2 f6 18. Ng4 Bf7 19. Rae1 Re8 20. Qf2 Nf5 21. h4 Qd7 22. Nh2 Bd6 23. Bxd6 Nxd6 24. Qc2 Nf5 25. g4 Nxh4 26. Bxh7+ Kf8 27. Kf2 Qd6 28. Rh1 f5 29. Nf1 g5 30. gxf5 exf5 31.
Rxe8+ Rxe8 32. Bxf5 Qf6 33. Rxh4 gxh4 34. Ne3 Qg5 35. Ng4 Bh5 36. Ne5 Qg3+ 37. Ke3 Qxf3+ 38. Kd2 Qf2+ 39. Kc1 Qe1+ 40. Qd1 Qxd1# 0-1

[Event "Early-Titled-Tuesday-Blitz-January-23-2024"]
[Site "Chess.com"]
[Date "2024.01.23"]
[Round "8"]
[White "kekic76"]
[Black "verrbaa"]
[Result "1-0"]
[WhiteElo "2348"]
[BlackElo "2484"]
[TimeControl "180+1"]
[EndTime "9:27:36 PST"]
[Termination "kekic76 won by resignation"]

1. e4 e5 2. Nf3 Nc6 3. d4 exd4 4. Nxd4 Qf6 5. Be3 Bc5 6. c3 Nge7 7. Bc4 b6 8. O-O Bb7 9. Nc2 Bxe3 10. Nxe3 Ne5 11. Bd5 c6 12. Bb3 g5 13. Re1 O-O-O 14. Nd2 h5 15.
Ndc4 Kc7 16. Nxe5 Qxe5 17. Nc4 Qc5 18. e5 g4 19. Qd6+ Kc8 20. Qxc5 bxc5 21. Nd6+ Kc7 22.
Nxf7 Ba6 23. Nxh8 Rxh8 24. e6 d5 25. Bd1 Kd6 26. Be2 Bc8 27. c4 d4 28. Bd3 Bxe6 29. Re2 Bf7 30. Rae1 Nc8 31. b3 a5 32. Bf5 Nb6 33.
Re7 Rf8 34. Rb7 Bxc4 35. bxc4 Rxf5 36. Rxb6 d3 37. Rb3 Rf4 38. Rxd3+ Kc7 39. Rc1 a4 40. g3 Re4 41. Re3 Rd4 42. Re5 Kb6 43. Rxh5 Rd2 44. Rb1+ Kc7 45. Rxc5 Rxa2 46. Ra5 1-0

[Event "Early-Titled-Tuesday-Blitz-January-23-2024"]
[Site "Chess.com"]
[Date "2024.01.23"]
[Round "8"]
[White "sergeikim"]
[Black "UK_23"]
[Result "1-0"]
[WhiteElo "2519"]
[BlackElo "2385"]
[TimeControl "180+1"]
[EndTime "9:27:37 PST"]
[Termination "sergeikim won by resignation"]

1. d4 d5 2. c4 c6 3. Nf3 Nf6 4. Qc2 dxc4 5. Qxc4 Bf5 6. e3 e6 7. Bd3 Bxd3 8. Qxd3 Be7 9. O-O O-O 10. Nc3 c5 11. Rd1 cxd4 12. Nxd4 a6 13. Qe2 Qc7 14. e4 Nc6 15. Nxc6 bxc6 16. Bg5 h6 17. Bh4 a5 18. e5 Nd5 19. Bxe7 Qxe7 20. Ne4 Rab8 21. Rac1 Rfc8 22. b3 a4 23. Nd6 Rc7 24. bxa4 Qg5 25. Rc4 h5 26. h4 Qg6 27. Rdc1 Rb1 28. Qf3 Nb6 29. Rc2 Rxc1+ 30. Rxc1 Nxa4 31. Rxc6 Rxc6 32. Qxc6 Nb2 33. Qe8+ Kh7 34. Qxf7 Qg4 35. Ne8 Kh8 36. Qf8+ Kh7 37. Qe7 Kh8 38. Qg5 Qxg5 39. hxg5 Kh7 40. Nc7 Kg6 41. Nxe6 Kf5 42. Nxg7+ Kxe5 43. Nxh5 Kf5 44. f4 Kg4 45. g6 1-0

[Event "Early-Titled-Tuesday-Blitz-January-23-2024"]
[Site "Chess.com"]
[Date "2024.01.23"]
[Round "8"]
[White "Irishchessman16"]
[Black "Roman_Ovetchkin"]
[Result "1-0"]
[WhiteElo "2507"]
[BlackElo "2626"]
[TimeControl "180+1"]
[EndTime "9:27:38 PST"]
[Termination "Irishchessman16 won on time"]

1. d4 Nf6 2. c4 c5 3. d5 b5 4.
cxb5 a6 5. e3 g6 6. Nc3 Bg7 7.
Nf3 O-O 8. a4 d6 9. e4 axb5 10.
Bxb5 Na6 11. O-O Bg4 12. h3 Bxf3 13. Qxf3 Nb4 14. Qe2 Nd7 15. Bf4 Ne5 16. Bh2 g5 17. f4 gxf4 18. Rxf4 e6 19. Raf1 Qg5 20. dxe6 fxe6 21.
Rxf8+ Bxf8 22. Bf4 Qg7 23. Qd1 Be7 24. Qb3 Qf6 25. Ne2 Kh8 26. Bh2 Qh6 27. Nf4 Bg5 28. Nxe6 Be3+ 29. Kh1 Rg8 30. Nf4 Bd4 31. Ne2 Qd2 32. Bf4 Qxb2 33. Qe6 Ng6 34. Bc4 1-0

[Event "Early-Titled-Tuesday-Blitz-January-23-2024"]
[Site "Chess.com"]
[Date "2024.01.23"]
[Round "8"]
[White "Titus369"]
[Black "baki83"]
[Result "1-0"]
[WhiteElo "2669"]
[BlackElo "2824"]
[TimeControl "180+1"]
[EndTime "9:27:39 PST"]
[Termination "Titus369 won by resignation"]

1. e4 c5 2. Nf3 Nc6 3. d4 cxd4 4. Nxd4 Nf6 5. Nc3 d6 6. h3 e5 7. Nde2 Be6 8. Bg5 Be7 9. Bxf6 Bxf6 10. g3 Bg5 11.
Bg2 O-O 12. O-O Rc8 13. Nd5 Bxd5 14. exd5 Ne7 15. b3 f5 16. c4 Bf6 17. Rc1 Qa5 18. Rc2 Qc5 19. Nc1 e4 20. Ne2 Ng6 21.
g4 Rce8 22. gxf5 Nh4 23. Nf4 Qa5 24. Ne6 Rf7 25. Bxe4 b5 26. c5 dxc5 27. Rxc5 Qb6 28. Rc6 Qb8 29. d6 Rd7 30. Qd5 Kh8 31. Rfc1 h6 32. Rc7 Red8 33. Nxd8 Rxd8 34. Qe6 Qb6 35. Rc8 Kh7 36. Rxd8 Qxd8 37. Rc8 1-0

[Event "Early-Titled-Tuesday-Blitz-January-23-2024"]
[Site "Chess.com"]
[Date "2024.01.23"]
[Round "8"]
[White "KorolDimitriy75"]
[Black "invisible_s0ul"]
[Result "1-0"]
[WhiteElo "2364"]
[BlackElo "2243"]
[TimeControl "180+1"]
[EndTime "9:27:41 PST"]
[Termination "KorolDimitriy75 won on time"]

1. d4 Nf6 2. c4 c6 3. Nc3 d5 4. e3 e6 5. Nf3 Nbd7 6. Bd3 dxc4 7. Bxc4 b5 8. Be2 a6 9. e4 b4 10. e5 Nd5 11. Ne4 c5 12. Bg5 Qa5 13. O-O h6 14. Bh4 Bb7 15. Qd2 cxd4 16. Qxd4 Bc5 17. Nd6+ Bxd6 18. exd6 O-O 19. Ne5 Nxe5 20. Qxe5 Qb6 21.
Bd3 a5 22. Rac1 Rac8 23. Rxc8 Rxc8 24. d7 Rf8 25. d8=Q Rxd8 26. Bxd8 Qxd8 27. Rd1 Qe7 28. Be4 Bc8 29. Bxd5 f6 30. Qe1 1-0

[Event "Early-Titled-Tuesday-Blitz-January-23-2024"]
[Site "Chess.com"]
[Date "2024.01.23"]
[Round "8"]
[White "GrotBchess"]
[Black "Chxss_Khxsbu"]
[Result "1/2-1/2"]
[WhiteElo "2296"]
[BlackElo "1804"]
[TimeControl "180+1"]
[EndTime "9:27:41 PST"]
[Termination "Game drawn by repetition"]

1. d4 Nf6 2. Nf3 e6 3. c4 Bb4+ 4. Bd2 a5 5. g3 O-O 6. Bg2 d5 7. O-O c6 8. a3 Be7 9. Bf4 Nbd7 10. Qc2 b6 11. Nbd2 Ba6 12. Rac1 Rc8 13. e4 c5 14. e5 Nh5 15. b3 cxd4 16. Qb2 Nc5 17. Qxd4 dxc4 18.
bxc4 Qxd4 19. Nxd4 Nxf4 20. gxf4 Nd3 21. Rb1 Nxf4 22.
Rxb6 Bxc4 23. Nc6 Bc5 24. Nxc4 Bxb6 25. Nxb6 Rc7 26. Nxa5 Rc5 27. Nac4 Rd8 28. Bf3 Rd3 29. Rd1 h6 30. a4 Rxf3 31. Rd8+ Kh7 32. Nd7 Rxc4 33.
Nf8+ Kg8 34. Nxe6+ Kh7 35. Nf8+ Kg8 36. Ne6+ Kh7 37.
Nf8+ Kg8 38. Ne6+ 1/2-1/2

[Event "Early-Titled-Tuesday-Blitz-January-23-2024"]
[Site "Chess.com"]
[Date "2024.01.23"]
[Round "8"]
[White "santosalberto1987"]
[Black "Aygehovit1992"]
[Result "1-0"]
[WhiteElo "2554"]
[BlackElo "2689"]
[TimeControl "180+1"]
[EndTime "9:27:42 PST"]
[Termination "santosalberto1987 won by resignation"]

1. e4 e5 2. Nf3 Nc6 3. Bc4 Nf6 4. d3 h6 5. O-O d6 6. c3 g5 7. Bb3 g4 8. Ne1 h5 9. f4 Be7 10. fxe5 dxe5 11. Bg5 h4 12. Qe2 Bc5+ 13. Kh1 Nxe4 14. Bxf7+ Kd7 15. Qxe4 Qxg5 16. d4 Bd6 17. Na3 Ke7 18. Nc4 Bd7 19. Nd3 Raf8 20. dxe5 Nxe5 21. Ncxe5 Bxe5 22. Nxe5 Be6 23. Bxe6 h3 24. g3 Qd2 25. Ng6+ Kd6 26. Nxf8 Rxf8 27. Rxf8 1-0

[Event "Early-Titled-Tuesday-Blitz-January-23-2024"]
[Site "Chess.com"]
[Date "2024.01.23"]
[Round "8"]
[White "AljoschaFeuerstack"]
[Black "FMCASTE"]
[Result "1-0"]
[WhiteElo "2630"]
[BlackElo "2505"]
[TimeControl "180+1"]
[EndTime "9:27:42 PST"]
[Termination "AljoschaFeuerstack won by resignation"]

1. e4 g6 2. d4 Bg7 3. Nc3 d6 4.
Be3 a6 5. Qd2 e6 6. h4 h6 7. f4 Ne7 8. h5 gxh5 9. Rxh5 b5 10. Bd3 Bb7 11. O-O-O Nd7 12. Nf3 Nf6 13. Rh3 b4 14. Ne2 Nxe4 15. Qxb4 Rb8 16. Qe1 Qd7 17. Bxe4 Bxe4 18. Nc3 Bf5 19. Rg3 Bf6 20. Ne5 Qc8 21.
Nf3 Qb7 22. b3 c5 23. Bf2 Qb4 24. Kb2 cxd4 25. Bxd4 Bxd4 26. Rxd4 Qc5 27. Qd2 Rd8 28. Na4 Qc6 29. Nh4 Be4 30. Rc3 Qb7 31. Rxd6 O-O 32.
Rxd8 Nd5 33. Rxf8+ Kxf8 34. Rc4 Qe7 35. Rxe4 Qxh4 36.
Qd3 Qf6+ 37. Nc3 Nxf4 38. Qd4 e5 39. Qxe5 1-0

[Event "Early-Titled-Tuesday-Blitz-January-23-2024"]
[Site "Chess.com"]
[Date "2024.01.23"]
[Round "8"]
[White "Crazy_girl99"]
[Black "DvaHrasta"]
[Result "0-1"]
[WhiteElo "2601"]
[BlackElo "2452"]
[TimeControl "180+1"]
[EndTime "9:27:42 PST"]
[Termination "DvaHrasta won by resignation"]

1. Nf3 Nf6 2. g3 d5 3. Bg2 c5 4. O-O Nc6 5. d3 Bg4 6. Nbd2 e6 7. h3 Bxf3 8. Bxf3 Be7 9. e4 O-O 10. Re1 b5 11. Bg2 b4 12. e5 Nd7 13. f4 a5 14.
Nf3 a4 15. Be3 d4 16. Bf2 Nb6 17. Nd2 Nd5 18. Kh2 a3 19. bxa3 Rxa3 20. Nc4 Ra6 21. a3 bxa3 22. Rxa3 Rxa3 23. Nxa3 Ncb4 24. h4 Qa5 25. Nc4 Qa2 26. Qg4 Qxc2 27. Re2 Qxd3 28. Nb2 Qg6 29. Qh3 h5 30. Be4 Qg4 31. Qf1 Ra8 32.
Nd3 Nxd3 33. Bxd3 Ra3 34. Be4 Bxh4 35. Bxd5 Bxg3+ 36. Bxg3 Qxg3+ 37. Kh1 exd5 38. Rg2 Qh3+ 39. Kg1 Rg3 40. Rxg3 Qxg3+ 41. Kh1 d3 42. f5 d2 43. e6 Qe1 0-1

[Event "Early-Titled-Tuesday-Blitz-January-23-2024"]
[Site "Chess.com"]
[Date "2024.01.23"]
[Round "8"]
[White "Duhless"]
[Black "Yaacovn"]
[Result "0-1"]
[WhiteElo "3098"]
[BlackElo "2806"]
[TimeControl "180+1"]
[EndTime "9:27:43 PST"]
[Termination "Yaacovn won on time"]

1. e4 c6 2. d4 d5 3. e5 Bf5 4.
Nf3 e6 5. Be2 Ne7 6. Nbd2 Bg6 7.
Nf1 Nf5 8. Ng3 c5 9. c4 dxc4 10.
Bg5 Be7 11. Bxe7 Qxe7 12. d5 exd5 13. Qxd5 Nc6 14. O-O Rd8 15. Qxc4 O-O 16. Nxf5 Bxf5 17. Qc3 b6 18. Rfd1 Rxd1+ 19. Rxd1 Rd8 20. Rxd8+ Qxd8 21. h3 h6 22. a3 Nd4 23. Bf1 Qd5 24. b4 Nxf3+ 25.
gxf3 Qd4 26. Qe3 g5 27. bxc5 bxc5 28. Kg2 Kf8 29. f4 gxf4 30. Qxd4 cxd4 31. Bc4 Be4+ 32. Kf1 Ke7 33. Ke2 f6 34. exf6+ Kxf6 35. h4 Ke5 36. Bb5 Bf5 37. Kf3 Bc2 38. Ke2 Bb3 39. Kd2 Be6 40.
Bc6 Bc4 41. Bb7 Kd6 0-1

[Event "Early-Titled-Tuesday-Blitz-January-23-2024"]
[Site "Chess.com"]
[Date "2024.01.23"]
[Round "8"]
[White "yaguigor"]
[Black "GMSrinath"]
[Result "0-1"]
[WhiteElo "2639"]
[BlackElo "2838"]
[TimeControl "180+1"]
[EndTime "9:27:43 PST"]
[Termination "GMSrinath won by resignation"]

1. e4 c5 2. Nf3 d6 3. d4 cxd4 4. Nxd4 Nf6 5. Nc3 Nc6 6. Bg5 e6 7. Qd2 a6 8. O-O-O Be7 9. f4 Bd7 10. Nf3 b5 11. e5 b4 12. exf6 bxc3 13. Qxc3 gxf6 14. Bh4 Rg8 15. g3 d5 16. a3 Rc8 17.
Bxa6 Nb4 18. Bxc8 Na2+ 19. Kd2 Nxc3 20. Bxd7+ Qxd7 21. Kxc3 Qb5 22. Kd2 Qxb2 23. Rb1 Qxa3 24. Rb8+ Kd7 25. Rxg8 Qxf3 26. Rb1 Qf2+ 27. Kd3 Bc5 28.
c3 Qe3+ 29. Kc2 Qe4+ 30. Kb2 Qe2+ 31. Kb3 Qc4+ 32. Kb2 d4 33. Rc1 dxc3+ 34. Kc2 Bd4 35.
Rd1 Qe2+ 0-1

[Event "Early-Titled-Tuesday-Blitz-January-23-2024"]
[Site "Chess.com"]
[Date "2024.01.23"]
[Round "8"]
[White "CaspiIsrael"]
[Black "MusicCityMaster"]
[Result "1-0"]
[WhiteElo "2692"]
[BlackElo "2447"]
[TimeControl "180+1"]
[EndTime "9:27:43 PST"]
[Termination "CaspiIsrael won by resignation"]

1. d4 Nf6 2. Nc3 d5 3. Bf4 c6 4. e3 e6 5. Bd3 b5 6. a3 Bd6 7. Bxd6 Qxd6 8. f4 a5 9. Nf3 Nbd7 10. Ne5 Bb7 11. O-O O-O 12. g4 b4 13. Ne2 c5 14. g5 Ne4 15. Bxe4 dxe4 16. Nxd7 Qxd7 17. dxc5 Qc6 18. axb4 axb4 19. Qd4 Ba6 20. Rfe1 Bxe2 21. Rxa8 Rxa8 22. Rxe2 Qb5 23. Kf2 Rc8 24. Rd2 g6 25. Qxe4 Qxc5 26. b3 Qc3 27. Ke2 e5 28. f5 gxf5 29. Qxf5 Qc6 30. e4 Qb5+ 31. Kf2 Qc5+ 32. Kg2 Ra8 33. Rf2 Qc7 34. Qf3 Ra1 35.
h4 Qa7 36. Qd3 Qe7 37. Rf6 Qc5 38. Qd8+ Kg7 39. Rf2 Qa7 40. h5 Qb7 41. Qf6+ Kg8 42. Qxe5 Qd7 43. Qf5 Qb7 44. h6 Re1 45. Qd5 Qc7 46.
Qa8+ 1-0

[Event "Early-Titled-Tuesday-Blitz-January-23-2024"]
[Site "Chess.com"]
[Date "2024.01.23"]
[Round "8"]
[White "andrzej"]
[Black "bazar-wokzal"]
[Result "0-1"]
[WhiteElo "2391"]
[BlackElo "2564"]
[TimeControl "180+1"]
[EndTime "9:27:43 PST"]
[Termination "bazar-wokzal won on time"]

1. e4 c5 2. Nf3 d6 3. d4 cxd4 4. Nxd4 Nf6 5. Nc3 g6 6. Be3 a6 7. f3 Nbd7 8. Qd2 Qc7 9. Be2 b5 10. O-O Bb7 11. a4 b4 12. Na2 a5 13. c4 bxc3 14. Nxc3 Bg7 15. Rfc1 Qb8 16. Bh6 O-O 17. Bxg7 Kxg7 18. Qg5 Rc8 19. Nf5+ Kf8 20. Qh6+ Ke8 21. Ng7+ Kd8 22. Nb5 Bc6 23. Rd1 Qb6+ 24. Kh1 Qf2 25. Bc4 Bxb5 26. Bxb5 Rc2 27. Qh3 Rac8 28. Rf1 Qd4 29.
Rad1 Rd2 30. Rxd2 Qxd2 31. e5 Nxe5 32. Rg1 Rc1 33. Qg3 Qxb2 34. h4 Rxg1+ 35. Kxg1 Qc1+ 36. Kh2 Qh6 37. Qf2 Nfg4+ 38. fxg4 Nxg4+ 39. Kg3 Nxf2 40. Kxf2 Qxg7 0-1

[Event "Early-Titled-Tuesday-Blitz-January-23-2024"]
[Site "Chess.com"]
[Date "2024.01.23"]
[Round "8"]
[White "Kotofeyca"]
[Black "BasilSmash"]
[Result "0-1"]
[WhiteElo "2370"]
[BlackElo "2552"]
[TimeControl "180+1"]
[EndTime "9:27:43 PST"]
[Termination "BasilSmash won on time"]

1. d4 Nf6 2. c4 e6 3. Nf3 b6 4. g3 Bb7 5. Bg2 Be7 6. Nc3 O-O 7.
Qc2 c5 8. dxc5 bxc5 9. O-O d6 10. Rd1 Qb6 11. Bf4 Rd8 12. Rd2 Nc6 13. Rad1 Ne8 14. e4 h6 15. e5 dxe5 16. Nxe5 Nd4 17. Na4 Qa6 18. Bxb7 Qxb7 19. Qd3 f6 20. Ng6 Nf3+ 21. Qxf3 Qxf3 22. Nxe7+ Kf7 23. Rxd8 Rxd8 24. Rxd8 Kxe7 25. Rd2 Qc6 26. b3 h5 27. Be3 h4 28. Bxc5+ Kf7 29.
gxh4 f5 30. Bd4 Qe4 31. Bxa7 Nf6 32. c5 f4 0-1

[Event "Early-Titled-Tuesday-Blitz-January-23-2024"]
[Site "Chess.com"]
[Date "2024.01.23"]
[Round "8"]
[White "lularobs"]
[Black "Klavdia_Nik"]
[Result "0-1"]
[WhiteElo "1573"]
[BlackElo "2156"]
[TimeControl "180+1"]
[EndTime "9:27:43 PST"]
[Termination "Klavdia_Nik won by checkmate"]

1. e4 d6 2. d4 g6 3. c3 Bg7 4. h3 Nd7 5. Bd3 c5 6. Nf3 Qc7 7. O-O Ngf6 8. Re1 e5 9. Be3 O-O 10.
Qd2 Re8 11. Bh6 Bh8 12. Na3 a6 13. d5 b5 14. b3 Nh5 15. Be3 c4 16. bxc4 bxc4 17.
Nxc4 Nc5 18. Be2 Nf4 19. Bxf4 exf4 20. Bd3 Nxd3 21. Qxd3 a5 22. Rab1 Ba6 23. Nfd2 Rac8 24. Qf3 Bxc4 25. Qxf4 Bxc3 26. Nxc4 Qxc4 27. Rec1 Be5 28.
Rxc4 Bxf4 29. Rxc8 Rxc8 30. g3 Be5 31. Kg2 Rc2 32.
a3 Bd4 33. Rf1 Ra2 34. Kf3 Rxa3+ 35. Kg4 Kg7 36. f4 h5+ 37. Kh4 Bf6# 0-1

[Event "Early-Titled-Tuesday-Blitz-January-23-2024"]
[Site "Chess.com"]
[Date "2024.01.23"]
[Round "8"]
[White "Maxfan2008"]
[Black "GaiozNigalidze"]
[Result "0-1"]
[WhiteElo "2528"]
[BlackElo "2701"]
[TimeControl "180+1"]
[EndTime "9:27:44 PST"]
[Termination "GaiozNigalidze won by checkmate"]

1. d4 Nf6 2. c4 c5 3. d5 b5 4.
cxb5 a6 5. bxa6 e6 6. Nc3 exd5 7.
Nxd5 Be7 8. Nxe7 Qxe7 9. Bg5 Qe5 10. Qd2 Ne4 11. Nf3 Qe6 12. Qc2 Bxa6 13. g3 Nc6 14.
Bd2 O-O 15. Bc3 d5 16. Bg2 d4 17. O-O dxc3 18. bxc3 Rfe8 19. Rfe1 Bc4 20. a4 Bb3 21. Qd3 Rxa4 22. Rxa4 Bxa4 23. c4 Nb4 24. Qa3 Bc6 25. Qa7 h6 26. e3 Nd3 27. Rf1 Ndxf2 28. Rxf2 Nxf2 29. Kxf2 Qxe3+ 30. Kf1 Bxf3 31. Qe7 Rxe7 32. Bh3 Qe1# 0-1